 Dungeon Crawl Stone Soup version 0.26.0-10-g1f06aea511 (webtiles) character file.

Game seed: 12805882966432113070

289 Mesmaeker13 the Bolt Thrower (level 6, -2/48 HPs)
             Began as a Formicid Hunter on Feb 2, 2021.
             Was an Initiate of Nemelex Xobeh.
             Slain by an orc wizard
             ... wielding a +0 dagger
              (3 damage)
             ... on level 4 of the Dungeon.
             The game lasted 00:04:52 (2473 turns).

Mesmaeker13 the Bolt Thrower (Formicid Hunter)      Turns: 2473, Time: 00:04:53

Health: -2/48      AC:  9    Str: 18    XL:     6   Next: 58%
Magic:  6/6        EV:  8    Int: 10    God:    Nemelex Xobeh [......]
Gold:   340        SH:  0    Dex: 12    Spells: 5/5 levels left

rFire    . . .     SeeInvis +   p - +0 hand axe
rCold    . . .     Faith    .   (no shield)
rNeg     . . .     Spirit   .   n - +1 chain mail
rPois    .         Reflect  .   (helmet unavailable)
rElec    .         Harm     .   h - scarf {+Inv}
rCorr    .         Rampage  .   (no gloves)
Will     .....                  (no boots)
Stlth    ..........             (no amulet)
HPRegen  0.16/turn              j - ring of teleportation (curse)
MPRegen  0.10/turn              (no ring)

@: no status effects
A: permanent stasis, dig shafts and tunnels, four strong arms, antennae 3
a: Dig, Shaft Self, Renounce Religion, Evoke Invisibility, Draw Escape, Draw
Destruction, Draw Summoning


You were on level 4 of the Dungeon.
You worshipped Nemelex Xobeh.
Nemelex Xobeh was noncommittal.
You visited 1 branch of the dungeon, and saw 4 of its levels.
You also visited: Sewer.

You collected 340 gold pieces.

Inventory:

Hand Weapons
 a - a +1 hand crossbow
 p - a +0 hand axe (weapon)
Missiles
 d - 26 bolts
 o - 35 poisoned darts (quivered)
Armour
 h - a scarf of invisibility (worn)
 n - a +1 chain mail (worn)
Jewellery
 j - a cursed ring of teleportation (left hand)
 q - an uncursed amulet of reflection {unknown}
 s - an uncursed amulet of faith {unknown}
 t - an uncursed ring of flight {unknown}
Scrolls
 b - 3 scrolls of amnesia {unknown}
 f - 2 scrolls of enchant armour
 g - a scroll of fog
 k - a scroll of fear {unknown}
 l - 2 scrolls of blinking
 r - a scroll of identify {unknown}
Potions
 c - a potion of haste {unknown}
 e - a potion of magic {unknown}
 i - 2 potions of curing
 m - a potion of berserk rage {unknown}


   Skills:
 + Level 4.0 Fighting
 + Level 2.2 Axes
 + Level 5.3 Crossbows
 + Level 2.6 Armour
 - Level 2.2 Dodging
 - Level 1.2 Stealth


You had 5 spell levels left.
You didn't know any spells.
Your spell library contained the following spells:

 Spells                   Type           Power        Failure   Level
 Animate Skeleton         Necr           0%           99%         1
 Apportation              Tloc           0%           99%         1
 Corona                   Hex            0%           99%         1
 Magic Dart               Conj           0%           99%         1
 Summon Small Mammal      Summ           0%           99%         1
 Call Imp                 Summ           0%           100%        2
 Slow                     Hex            0%           100%        2
 Conjure Flame            Conj/Fire      0%           100%        3
 Mephitic Cloud           Conj/Pois/Air  0%           100%        3
 Blink                    Tloc           Unusable     N/A         2

Dungeon Overview and Level Annotations

Branches:
Dungeon (4/15)              Sewer (visited)
 Temple: D:4-7

Altars:
Ashenzari
Cheibriados
Makhleb
Nemelex Xobeh


Innate Abilities, Weirdness & Mutations

You cannot be hasted, slowed, berserked, paralysed or teleported.
You can dig through walls and to a lower floor.
Your four strong arms can wield two-handed weapons with a shield.
You have a pair of large antennae on your head. (SInv)


Message History

The orc wizard barely misses you.
The bullfrog skeleton barely misses you.
The orc wizard hits you but does no damage.
You hit the orc wizard.
The orc wizard is heavily wounded.
You hit the bullfrog skeleton.
The bullfrog skeleton hits you but does no damage.
The orc wizard casts a spell at you. The puff of frost hits you!
* * * LOW HITPOINT WARNING * * *
You hit the orc wizard.
The orc wizard is severely wounded.
You hit the bullfrog skeleton.
The orc wizard hits you with a +0 dagger.
* * * LOW HITPOINT WARNING * * *
The bullfrog skeleton hits you.
* * * LOW HITPOINT WARNING * * *
The orc wizard hits you with a +0 dagger.
You die...
Your body disappears without a glow.

#.# #.##.### #.# #.##...
... #.##..# ..# #.##..# ..#
#.##..######..####
#.##.....##.......
#Z##.###......# #
#@##..........#
#:####o#.#.#####...####
#....oo?###............
.....?.....#.#.#####..#####
#####..######.# #..# #..
#######..# #... #<.....#
#... #.###.## #... #.# #.#


You could see 2 orc wizards, an orc and a bullfrog skeleton.

Vanquished Creatures
  2 bullfrogs (Sewer)
  A howler monkey (D:2)
  2 adders
  An ooze (D:2)
  A worm (D:3)
  3 dart slugs
  3 leopard geckos
  3 orcs
  15 giant cockroaches
  11 goblins
  7 hobgoblins
  13 bats
  15 frilled lizards
  5 kobolds
  5 rats
87 creatures vanquished.

Vanquished Creatures (others)
  An orc wizard (D:4)
  3 toadstools (D:1)
4 creatures vanquished.

Grand Total: 91 creatures vanquished

Notes
Turn   | Place    | Note
-------+----------+-------------------------------------------
     0 | D:1      | Mesmaeker13 the Formicid Hunter began the quest for the
                  | Orb.
     0 | D:1      | Reached XP level 1. HP: 16/16 MP: 1/1
   111 | D:1      | Reached XP level 2. HP: 20/22 MP: 2/2
   516 | D:1      | Reached XP level 3. HP: 28/28 MP: 3/3
   828 | D:2      | Reached skill level 1 in Armour
   828 | D:2      | Reached XP level 4. HP: 17/35 MP: 4/4
  1294 | D:3      | Reached skill level 1 in Axes
  1294 | D:3      | Reached XP level 5. HP: 36/41 MP: 5/5
  1338 | D:3      | Found a glowing drain.
  1369 | Sewer    | Entered a sewer
  1599 | Sewer    | Noticed a bullfrog
  1600 | Sewer    | Noticed a bullfrog
  1620 | Sewer    | Killed a bullfrog
  1621 | Sewer    | Reached skill level 5 in Crossbows
  1621 | Sewer    | Reached XP level 6. HP: 31/48 MP: 6/6
  2141 | D:3      | Found a snail-covered altar of Cheibriados.
  2321 | D:3      | Found a broken altar of Ashenzari.
  2322 | D:3      | Found a burning altar of Makhleb.
  2323 | D:3      | Found a sparkling altar of Nemelex Xobeh.
  2340 | D:3      | Became a worshipper of Nemelex Xobeh the Trickster
  2473 | D:4      | HP: 1/48 [bullfrog skeleton (3)]
  2473 | D:4      | Slain by an orc wizard

Illustrated notes

Levels and vault maps discovered:
D:1:      lightli_arrival_boilingwater, layout_rooms,
          chequers_serial_rivers_room_b, minmay_gold_behind_fungi
D:2:      layout_rooms
D:3:      layout_rooms, minitemple, gup_sewer_entry_glass
D:4:      layout_loops_ring, old_standard_altar, minmay_temple_entry_statues

Skill      XL: |  1  2  3  4  5  6 |
---------------+-------------------+-----
Dodging        | 2 |  2.2
Fighting       | 3 4 |  4.0
Armour         | 1 2 |  2.6
Axes           | 1 2 |  2.2
Crossbows      | 5 |  5.3
Stealth        | |  1.2

Action                   |  1- 3 |  4- 6 || total
-------------------------+-------+-------++-------
Melee: Hand axe          |    11 |   193 ||   204
 Fire: Hand crossbow     |    77 |       ||    77
  Use: Scroll            |     1 |     2 ||     3
       Potion            |       |     3 ||     3
Armor: Leather armour    |     5 |       ||     5
       Chain mail        |     5 |   133 ||   138
       Skin              |       |    33 ||    33
Dodge: Dodged            |    19 |   106 ||   125
